 Dungeon Crawl Stone Soup version 0.25.0-9-g26727b657a (webtiles) character file.

Game seed: 6809775951170805485

14353 Name63 the Thaumaturge (level 12, -5/71 HPs)
             Began as a Gnoll Wizard on June 19, 2020.
             Was an Elder of Cheibriados.
             Killed from afar by a wretched star (7 damage)
             ... with a lance of force
             ... in a Gauntlet.
             The game lasted 00:44:31 (14480 turns).

Name63 the Thaumaturge (Gnoll Wizard)              Turns: 14480, Time: 00:44:31

Health: -5/71      AC: 26    Str: 24      XL:     12   Next: 15%
Magic:  6/20       EV: 16    Int: 40      God:    Cheibriados [****..]
Gold:   924        SH:  0    Dex: 17 (19) Spells: 15/31 levels left

rFire    . . .     SeeInvis .   j - +0 halberd (flame)
rCold    . . .     Gourm    .   (shield currently unavailable)
rNeg     . . .     Faith    .   I - +11 plate armour of the Boiling Point {Str+2}
rPois    .         Spirit   .   b - +0 hat
rElec    .         Reflect  .   S - +0 cloak
rCorr    .         Harm     .   (no gloves)
MR       .....     Rnd*Rage +   f - +0 pair of boots Stlth ..........NoTele +
                                n - amulet of magic regeneration
HPRegen  0.21/turn              c - +4 ring of evasion
MPRegen  0.42/turn              J - +6 ring of intelligence

@: very slow
A: distributed training, fangs 1, [berserk 2], [clumsy 2], [deterioration 2],
[frail 2], [low mp 2], [subdued magic 3], strong nose
a: Bend Time, Temporal Distortion, Slouch, Renounce Religion


You were in a Gauntlet.
You worshipped Cheibriados.
Cheibriados was greatly pleased with you.
You were near starving.

You visited 3 branches of the dungeon, and saw 12 of its levels.
You also visited: Sewer, Gauntlet and Volcano.

You collected 924 gold pieces.

Inventory:

Hand Weapons
 a - a +6 whip
 j - a +0 halberd of flaming (weapon)
 w - a +2 dagger of freezing
 L - a +2 flail of protection
Missiles
 i - 48 sling bullets
 y - 39 poisoned darts (quivered)
 E - 4 boomerangs
Armour
 b - a +0 hat (worn)
 f - a +0 pair of boots (worn)
 h - the -4 hat of Evolution {Harm rF+ rN+}
   (You found it in a Gauntlet)

   It protects you from fire.
   It protects you from negative energy.
   It increases damage dealt and taken.
 I - the +11 plate armour of the Boiling Point (worn) {Str+2}
   (You found it on level 5 of the Dungeon)

   It affects your strength (+2).
 S - a +0 cloak (worn)
 X - a +3 leather armour of fire resistance
Magical Staves
 T - an uncursed staff of wizardry
Jewellery
 c - a +4 ring of evasion (left hand)
 k - a cursed +4 ring of protection
 n - an amulet of magic regeneration (around neck)
 t - a +6 ring of dexterity
 v - an uncursed ring of resist corrosion
 J - a +6 ring of intelligence (right hand)
 U - a +4 ring of protection
Wands
 p - a wand of iceblast (8)
 M - a wand of flame (7)
Scrolls
 e - 2 scrolls of fog {unknown}
 g - a scroll of fear {unknown}
 l - 7 scrolls of blinking
 s - 5 scrolls of teleportation {unknown}
 z - 2 scrolls of immolation
 A - 3 scrolls of magic mapping
 F - a scroll of enchant weapon {unknown}
 Q - a scroll of amnesia {unknown}
 R - 2 scrolls of random uselessness {unknown}
 V - 3 scrolls of torment {unknown}
Potions
 m - a potion of ambrosia {unknown}
 o - 3 potions of curing
 r - 3 potions of flight
 u - a potion of might
 x - a potion of berserk rage {unknown}
 B - 3 potions of lignification
 C - 3 potions of brilliance {unknown}
 D - a potion of stabbing {unknown}
 H - 2 potions of mutation
 K - 2 potions of resistance {unknown}
 O - a potion of invisibility {unknown}
 W - a potion of cancellation {unknown}
Comestibles
 d - 24 rations


   Skills:
 + Level 6.9 Fighting
 + Level 6.9 Short Blades
 + Level 6.9 Long Blades
 + Level 6.9 Axes
 + Level 6.9 Maces & Flails
 + Level 6.9 Polearms
 + Level 6.9 Staves
 + Level 6.9 Slings
 + Level 6.9 Bows
 + Level 6.9 Crossbows
 + Level 6.9 Throwing
 + Level 6.9 Armour
 + Level 8.3 Dodging
 + Level 8.1 Stealth
 + Level 6.9 Shields
 + Level 6.9 Unarmed Combat
 + Level 10.0 Spellcasting
 + Level 6.1 Conjurations
 + Level 5.7 Hexes
 + Level 5.7 Charms
 + Level 6.1 Summonings
 + Level 5.7 Necromancy
 + Level 6.1 Translocations
 + Level 5.7 Transmutations
 + Level 5.7 Fire Magic
 + Level 5.7 Ice Magic
 + Level 5.7 Air Magic
 + Level 5.7 Earth Magic
 + Level 5.7 Poison Magic
 + Level 7.5 Invocations
 + Level 6.9 Evocations


You had 15 spell levels left.
You knew the following spells:

 Your Spells              Type           Power        Failure   Level  Hunger
a - Magic Dart            Conj           ####         1%          1    None
b - Blink                 Tloc           N/A          1%          2    None
c - Mephitic Cloud        Conj/Pois/Air  #####...     3%          3    None
d - Conjure Flame         Conj/Fire      #####...     2%          3    None
e - Summon Lightning Spi  Summ/Air       #####...     13%         4    None
f - Call Canine Familiar  Summ           #####...     2%          3    None

Your spell library contained the following spells:

 Spells                   Type           Power        Failure   Level  Hunger
 Shock                    Conj/Air       ####         1%          1    None
 Summon Small Mammal      Summ           ####         1%          1    None
 Call Imp                 Summ           #####...     1%          2    None
 Slow                     Hex            ####....     1%          2    None
 Summon Guardian Golem    Hex/Summ       #####...     2%          3    None
 Ignite Poison            Fire/Tmut/Pois ####....     3%          3    None
 Summon Ice Beast         Ice/Summ       #####...     13%         4    None
 Alistair's Intoxication  Tmut/Pois      ####....     41%         5    None
 Freezing Cloud           Conj/Ice/Air   #####.....   95%         6    ####...


Dungeon Overview and Level Annotations

Branches:
Dungeon (9/15)             Temple (1/1) D:5            Lair (2/6) D:8
  Swamp (0/4) Lair:2        Sewer (visited)         Volcano (visited)
Gauntlet (1/1)
  Snake: Lair:2-4    Spider: Lair:2-4       Orc: D:9-12

Altars:
Ashenzari
Cheibriados
Dithmenos
Elyvilon
Fedhas
Gozag
Hepliaklqana
Kikubaaqudgha
Makhleb
Nemelex Xobeh
Okawaru
Qazlal
Ru
Sif Muna
Trog
Uskayaw
Vehumet
Wu Jian
Xom
Yredelemnul
Zin
The Shining One

Annotations:
Gauntlet 9 transporters, exclusion: 2 lightning spires


Innate Abilities, Weirdness & Mutations

Your experience applies equally to all skills.
You have very sharp teeth.
Your uncanny sense of smell can sniff out nearby items.
[You often lose your temper in combat.]
[You are very clumsy. (Dex -4)]
[Your body often deteriorates upon taking damage.]
[You are very frail. (-20% HP)]
[Your magical capacity is very low. (-20% MP)]
[Your spells are much easier to cast, but much less powerful.]


Message History

The small abomination hits you.
* * * LOW HITPOINT WARNING * * *
Unknown command.
Okay, then.
You step out of the flow of time.
You return to the normal time flow.
You are near starving!
You can no longer step out of the flow of time.
Cheibriados lowers the support of your attributes as your movement quickens.
The black bear growls angrily.
The adder changes into a ball python!
The wretched star pulses with an eldritch light!
Your connection to magic feels subdued.
Your connection to magic feels more subdued.
Your connection to magic feels nearly dormant.
The ball python changes into a wolf!
The wolf changes into a steam dragon!
Unknown command.
You can feel time thicken for a moment.
You feel somewhat more hungry.
The wretched star glows turbulently.
The lance of force hits you!
You die...

##..........§§.§§#≈#########≈#
#≈.8......8...................
##...............8.....8.....8
#§...###########..............
##...##.#[©.$..#...#########..
#≈...###!#.x#..#...#...#.#©#..
##...##..####.##...#.#.#.[##..
#≈.§.##.####...#...#.#.#!(.#..
##.8.####©###@##.8.#.#.©####.8
#≈...#.P..#..#*#...#.#.....#..
##...##.##.##.##...#D.####.#..
#≈...####.#..#.#...#..b....#..
##...##..##.#..#...#########..
#≈...###########.....#.©.#....
##......#.©.#........#...#....
##.8...#.8.#...8....#.©.#....
#§.....#.©.#.....###########.


You could see a wretched star, a steam dragon shaped shifter and a small
abomination.

Vanquished Creatures
  3 death yaks (D:8)
  Nergalle (Lair:1)
  An anaconda skeleton (Volcano)
  5 gargoyles (Volcano)
  Maggie (D:6)
  2 polar bears (Lair:1)
  Prince Ribbit (D:5)
  A harpy skeleton (Volcano)
  2 flying skulls (Volcano)
  Sigmund (D:2)
  A wyvern (D:8)
  An alligator skeleton (Volcano)
  6 yaks (D:9)
  6 shadows (Gauntlet)
  4 hogs (D:9)
  A human (D:9)
  A hungry ghost (D:7)
  Menkaure (D:4)
  2 water moccasins (Lair:1)
  2 nameless horrors
  A porcupine (Lair:2)
  A black bear (D:9)
  A hornet zombie (D:5)
  An orc warrior (D:8)
  An ice beast (D:9)
  A centaur (D:8)
  5 ogres
  3 wolves (Lair:1)
  2 crocodiles (Lair:1)
  Blork the orc (D:6)
  A gnoll sergeant (D:6)
  6 bullfrogs
  A wyvern skeleton (D:7)
  9 killer bees
  A scorpion (D:8)
  A troll skeleton (Volcano)
  3 howler monkeys
  A crimson imp (D:5)
  3 quasits
  3 hounds
  2 centaur zombies
  3 jellies
  Crazy Yiuf (D:6)
  3 orc priests
  2 centaur skeletons (D:6)
  A bullfrog skeleton (D:7)
  An iguana (D:9)
  7 orc wizards
  A hell rat (D:8)
  5 worker ants
  A naga skeleton (Volcano)
  A hound zombie (D:6)
  2 hound skeletons
  A worker ant zombie (D:8)
  8 gnolls
  16 adders
  A shadow imp (D:5)
  3 worms
  2 dart slugs (D:1)
  8 leopard geckos
  33 orcs
  11 bats
  13 giant cockroaches
  6 goblins
  6 hobgoblins
  3 jackals (D:4)
  5 quokkas
  4 ball pythons
  A ball python zombie (D:6)
  7 frilled lizards
  A jackal skeleton (D:5)
  12 kobolds
  A leopard gecko skeleton (D:5)
  3 quokka skeletons
  7 rats
271 creatures vanquished.

Vanquished Creatures (collateral kills)
  2 skeletal warriors (Volcano)
  2 anaconda skeletons (Volcano)
  2 harpy skeletons (Volcano)
  4 black bears (Lair:1)
  A spriggan skeleton (Volcano)
  A troll skeleton (Volcano)
12 creatures vanquished.

Vanquished Creatures (others)
  2 polar bears (Lair:1)
  A flying skull (Volcano)
  A wolf (Lair:1)
  An orc wizard (D:6)
  A demonic plant (Gauntlet)
  A plant (Lair:1)
7 creatures vanquished.

Grand Total: 290 creatures vanquished

Notes
Turn   | Place    | Note
-------+----------+-------------------------------------------
     0 | D:1      | Name63 the Gnoll Wizard began the quest for the Orb.
     0 | D:1      | Reached XP level 1. HP: 13/13 MP: 8/8
   279 | D:1      | Reached XP level 2. HP: 19/19 MP: 10/10
   989 | D:1      | Reached XP level 3. HP: 25/25 MP: 8/11
   997 | D:1      | Learned a level 2 spell: Blink
  1001 | D:1      | Learned a level 3 spell: Mephitic Cloud
  1005 | D:1      | Learned a level 3 spell: Conjure Flame
  1477 | D:2      | Reached skill level 1 in Invocations
  1706 | D:2      | Reached skill level 1 in Fighting
  1706 | D:2      | Reached skill level 1 in Short Blades
  1706 | D:2      | Reached skill level 1 in Long Blades
  1706 | D:2      | Reached skill level 1 in Axes
  1706 | D:2      | Reached skill level 1 in Maces & Flails
  1706 | D:2      | Reached skill level 1 in Polearms
  1706 | D:2      | Reached skill level 1 in Staves
  1706 | D:2      | Reached skill level 1 in Slings
  1706 | D:2      | Reached skill level 1 in Bows
  1706 | D:2      | Reached skill level 1 in Crossbows
  1706 | D:2      | Reached skill level 1 in Throwing
  1706 | D:2      | Reached skill level 1 in Armour
  1706 | D:2      | Reached skill level 1 in Shields
  1706 | D:2      | Reached skill level 1 in Unarmed Combat
  1706 | D:2      | Reached skill level 1 in Evocations
  1809 | D:2      | Reached XP level 4. HP: 31/32 MP: 13/13
  1950 | D:2      | Noticed Sigmund
  1968 | D:2      | Killed Sigmund
  1968 | D:2      | Reached skill level 1 in Hexes
  1968 | D:2      | Reached skill level 1 in Charms
  1968 | D:2      | Reached skill level 1 in Necromancy
  1968 | D:2      | Reached skill level 1 in Transmutations
  1968 | D:2      | Reached skill level 1 in Fire Magic
  1968 | D:2      | Reached skill level 1 in Ice Magic
  1968 | D:2      | Reached skill level 1 in Air Magic
  1968 | D:2      | Reached skill level 1 in Earth Magic
  1968 | D:2      | Reached skill level 1 in Poison Magic
  1968 | D:2      | Reached XP level 5. HP: 38/38 MP: 14/14
  2382 | D:3      | Reached XP level 6. HP: 39/44 MP: 16/16
  3033 | D:3      | Reached skill level 5 in Dodging
  4204 | D:4      | Reached XP level 7. HP: 50/50 MP: 18/18
  4301 | D:4      | Noticed Menkaure
  4316 | D:4      | Killed Menkaure
  4845 | D:5      | Entered Level 5 of the Dungeon
  5054 | D:5      | Found a staircase to the Ecumenical Temple.
  5070 | D:5      | Got a masterwork plate armour
  5099 | D:5      | Found a glowing drain.
  5129 | D:5      | Reached skill level 5 in Stealth
  5177 | Sewer    | Entered a sewer
  5570 | Sewer    | Reached XP level 8. HP: 51/57 MP: 17/19
  5811 | Sewer    | Identified the +11 plate armour of the Boiling Point
                  | {Str+2} (You found it on level 5 of the Dungeon)
  6139 | Temple   | Entered the Ecumenical Temple
  6318 | Temple   | Became a worshipper of Cheibriados the Contemplative
  6421 | D:5      | Noticed Prince Ribbit
  6459 | D:5      | Killed Prince Ribbit
  6987 | D:6      | Reached skill level 8 in Spellcasting
  7032 | D:6      | Found an opulent altar of Gozag.
  7319 | D:6      | Noticed Blork the orc
  7339 | D:6      | Noticed Maggie
  7348 | D:6      | Killed Blork the orc
  7348 | D:6      | Reached XP level 9. HP: 50/65 MP: 21/21
  7386 | D:6      | Killed Maggie
  7386 | D:6      | Reached * piety under Cheibriados
  7901 | D:6      | Found a runed translucent door.
  7902 | D:6      | Noticed Crazy Yiuf
  8164 | D:6      | Killed Crazy Yiuf
  8223 | D:7      | Found a blossoming altar of Fedhas.
  8463 | D:7      | Reached ** piety under Cheibriados
  9017 | D:8      | Identified the Grimoire of Venomous Feathers
  9093 | D:8      | Noticed a death yak
  9132 | D:8      | Noticed a death yak
  9132 | D:8      | Noticed a death yak
  9137 | D:8      | Killed a death yak
  9137 | D:8      | Reached skill level 5 in Invocations
  9137 | D:8      | Reached XP level 10. HP: 45/73 MP: 19/22
  9151 | D:8      | Killed a death yak
  9151 | D:8      | Reached skill level 5 in Fighting
  9151 | D:8      | Reached skill level 5 in Short Blades
  9151 | D:8      | Reached skill level 5 in Long Blades
  9151 | D:8      | Reached skill level 5 in Axes
  9151 | D:8      | Reached skill level 5 in Maces & Flails
  9151 | D:8      | Reached skill level 5 in Polearms
  9151 | D:8      | Reached skill level 5 in Staves
  9151 | D:8      | Reached skill level 5 in Slings
  9151 | D:8      | Reached skill level 5 in Bows
  9151 | D:8      | Reached skill level 5 in Crossbows
  9151 | D:8      | Reached skill level 5 in Throwing
  9151 | D:8      | Reached skill level 5 in Armour
  9151 | D:8      | Reached skill level 5 in Shields
  9151 | D:8      | Reached skill level 5 in Unarmed Combat
  9151 | D:8      | Reached skill level 5 in Evocations
  9160 | D:8      | Killed a death yak
  9401 | D:8      | Found a staircase to the Lair.
  9831 | D:8      | Reached skill level 9 in Spellcasting
 10292 | D:9      | Reached *** piety under Cheibriados
 10382 | D:9      | Reached skill level 5 in Conjurations
 10382 | D:9      | Reached skill level 5 in Summonings
 10382 | D:9      | Reached skill level 5 in Translocations
 10933 | D:9      | Reached **** piety under Cheibriados
 10933 | D:9      | Reached XP level 11. HP: 71/81 MP: 24/24
 11388 | Lair:1   | Entered Level 1 of the Lair of Beasts
 11401 | Lair:1   | Learned a level 4 spell: Summon Lightning Spire
 11416 | Lair:1   | Noticed Nergalle
 11450 | Lair:1   | Noticed a spectral orc warlord
 11452 | Lair:1   | HP: 6/121 [spectral orc warlord/+1 vorpal war axe[Nergalle]
                  | (1)]
 11462 | Lair:1   | Killed Nergalle
 11462 | Lair:1   | Reached skill level 5 in Hexes
 11462 | Lair:1   | Reached skill level 5 in Charms
 11462 | Lair:1   | Reached skill level 5 in Necromancy
 11462 | Lair:1   | Reached skill level 5 in Transmutations
 11462 | Lair:1   | Reached skill level 5 in Fire Magic
 11462 | Lair:1   | Reached skill level 5 in Ice Magic
 11462 | Lair:1   | Reached skill level 5 in Air Magic
 11462 | Lair:1   | Reached skill level 5 in Earth Magic
 11462 | Lair:1   | Reached skill level 5 in Poison Magic
 11552 | Lair:1   | Found a dark tunnel.
 11557 | Volcano  | Entered a volcano
 11757 | Volcano  | Learned a level 3 spell: Call Canine Familiar
 12134 | Volcano  | Reached ***** piety under Cheibriados
 12281 | Volcano  | Noticed a skeletal warrior
 12288 | Volcano  | Killed a skeletal warrior
 12518 | Volcano  | Noticed a skeletal warrior
 12554 | Volcano  | Killed a skeletal warrior
 13086 | Volcano  | Reached XP level 12. HP: 67/89 MP: 25/25
 13988 | Lair:2   | Found a gate leading to a gauntlet.
 13999 | Gauntlet | Entered a Gauntlet
 13999 | Gauntlet | Found a transporter.
 14002 | Gauntlet | Found a transporter.
 14008 | Gauntlet | Found a transporter.
 14009 | Gauntlet | Found a transporter.
 14009 | Gauntlet | Found a transporter.
 14010 | Gauntlet | Found a transporter.
 14018 | Gauntlet | Found a transporter.
 14019 | Gauntlet | Found a transporter.
 14021 | Gauntlet | Noticed a death yak
 14028 | Gauntlet | Noticed a death yak
 14036 | Gauntlet | Noticed an anaconda
 14036 | Gauntlet | a wolf spider changed into an anaconda
 14038 | Gauntlet | Noticed a satyr
 14038 | Gauntlet | an anaconda changed into a satyr
 14039 | Gauntlet | Found a transporter.
 14039 | Gauntlet | Noticed a wretched star
 14039 | Gauntlet | Noticed a great orb of eyes
 14039 | Gauntlet | a satyr changed into a great orb of eyes
 14040 | Gauntlet | Noticed a six-headed hydra
 14040 | Gauntlet | a great orb of eyes changed into a six-headed hydra
 14040 | Gauntlet | Noticed a spark wasp
 14040 | Gauntlet | a six-headed hydra changed into a spark wasp
 14041 | Gauntlet | Noticed an eight-headed hydra
 14041 | Gauntlet | a spark wasp changed into an eight-headed hydra
 14041 | Gauntlet | Noticed an ice dragon
 14041 | Gauntlet | an eight-headed hydra changed into an ice dragon
 14042 | Gauntlet | Noticed an ettin
 14042 | Gauntlet | an ice dragon changed into an ettin
 14043 | Gauntlet | Noticed a queen ant
 14043 | Gauntlet | an ettin changed into a queen ant
 14045 | Gauntlet | Noticed an alligator
 14045 | Gauntlet | a queen ant changed into an alligator
 14047 | Gauntlet | Found a transporter.
 14047 | Gauntlet | Found a transporter.
 14047 | Gauntlet | Noticed an entropy weaver
 14047 | Gauntlet | an alligator changed into an entropy weaver
 14053 | Gauntlet | an entropy weaver changed into a tyrant leech
 14056 | Gauntlet | Found a transporter.
 14116 | Gauntlet | Noticed a shard shrike
 14118 | Gauntlet | Noticed a death yak
 14120 | Gauntlet | Noticed an iron dragon
 14120 | Gauntlet | a shard shrike changed into an iron dragon
 14124 | Gauntlet | Noticed a golden dragon
 14124 | Gauntlet | an iron dragon changed into a golden dragon
 14149 | Gauntlet | Noticed a five-headed hydra
 14202 | Gauntlet | Noticed a queen ant
 14203 | Gauntlet | Noticed a death yak
 14204 | Gauntlet | Noticed a minotaur
 14204 | Gauntlet | a death yak changed into a minotaur
 14205 | Gauntlet | a minotaur changed into something unseen
 14205 | Gauntlet | Noticed a catoblepas
 14205 | Gauntlet | a queen ant changed into a catoblepas
 14208 | Gauntlet | Noticed a storm dragon
 14210 | Gauntlet | Noticed a dire elephant
 14210 | Gauntlet | a storm dragon changed into a dire elephant
 14212 | Gauntlet | Noticed a frost giant
 14212 | Gauntlet | a dire elephant changed into a frost giant
 14213 | Gauntlet | Noticed a shadow dragon
 14213 | Gauntlet | a frost giant changed into a shadow dragon
 14214 | Gauntlet | Noticed an alligator snapping turtle
 14214 | Gauntlet | a shadow dragon changed into an alligator snapping turtle
 14219 | Gauntlet | Noticed a stone giant
 14219 | Gauntlet | an alligator snapping turtle changed into a stone giant
 14220 | Gauntlet | Noticed a dire elephant
 14220 | Gauntlet | a stone giant changed into a dire elephant
 14275 | Gauntlet | Reached skill level 10 in Spellcasting
 14281 | Gauntlet | Got a dazzling hat
 14291 | Gauntlet | Identified the -4 hat of Evolution {Harm rF+ rN+} (You
                  | found it in a Gauntlet)
 14477 | Gauntlet | HP: 1/71 [small abomination (4)]
 14480 | Gauntlet | Killed from afar by a wretched star

Illustrated notes

Levels and vault maps discovered:
D:1:      roderic_crossed_star, layout_loops_corners, chequers_garden,
          minmay_pentomino_w2
D:2:      layout_loops_corners, ebering_dispersal_statue_hall, uniq_sigmund
D:3:      kennysheep_six_static_rooms, layout_basic
D:4:      layout_loops_ring, first_ration, serial_bayou_crossing, uniq_menkaure
D:5:      layout_loops_ring, minmay_temple_entry_slanted, gup_sewer_entry_glass,
          uniq_prince_ribbit1
D:6:      layout_basic, columned_hall_lemuel, chequers_serial_rivers_micro_b,
          grunt_decor_mini_mirrors, nicolae_gozag_seed_capital,
          uniq_crazy_yiuf_cottage, uniq_blork_the_orc, uniq_maggie
D:7:      layout_gridville, lemuel_crystal_altar
D:8:      layout_basic, dpeg_lair_monsters
D:9:      layout_long_grid, grunt_livestock, uniq_erica
Temple:   minmay_crystal_snake_temple
Lair:1:   beast_lair_carwin_large_1, layout_misc_corridors, enter_volcano_1,
          grunt_megastairs_5, uniq_nergalle
Lair:2:   layout_roguey, minmay_swamp_entry_worms, gauntlet_entry_generic,
          chequers_serial_rivers_micro_a, grunt_megastairs_1
Gauntlet: minmay_gauntlet_mixed_oops_all_seconds
          [minmay_gauntlet_arena_77_squiggly, nicolae_gauntlet_arena_blocks,
          minmay_gauntlet_arena_77_mirror, gammafunk_gauntlet_arena_corners,
          minmay_gauntlet_arena_77_radiant_squares,
          gammafunk_gauntlet_arena_mazey, gauntlet_exit_watery]

Skill      XL: |  1  2  3  4  5  6  7  8  9 10 11 12 |
---------------+-------------------------------------+-----
Conjurations   | 2 3 4 5 6 |  6.1
Summonings     | 2 3 4 5 6 |  6.1
Translocations | 2 3 4 5 6 |  6.1
Invocations    | 1 2 3 4 5 6 7 |  7.5
Fighting       | 1 2 3 4 5 6 |  6.9
Short Blades   | 1 2 3 4 5 6 |  6.9
Long Blades    | 1 2 3 4 5 6 |  6.9
Axes           | 1 2 3 4 5 6 |  6.9
Maces & Flails | 1 2 3 4 5 6 |  6.9
Polearms       | 1 2 3 4 5 6 |  6.9
Staves         | 1 2 3 4 5 6 |  6.9
Slings         | 1 2 3 4 5 6 |  6.9
Bows           | 1 2 3 4 5 6 |  6.9
Crossbows      | 1 2 3 4 5 6 |  6.9
Throwing       | 1 2 3 4 5 6 |  6.9
Armour         | 1 2 3 4 5 6 |  6.9
Shields        | 1 2 3 4 5 6 |  6.9
Unarmed Combat | 1 2 3 4 5 6 |  6.9
Evocations     | 1 2 3 4 5 6 |  6.9
Hexes          | 1 2 3 4 5 |  5.7
Charms         | 1 2 3 4 5 |  5.7
Necromancy     | 1 2 3 4 5 |  5.7
Transmutations | 1 2 3 4 5 |  5.7
Fire Magic     | 1 2 3 4 5 |  5.7
Ice Magic      | 1 2 3 4 5 |  5.7
Air Magic      | 1 2 3 4 5 |  5.7
Earth Magic    | 1 2 3 4 5 |  5.7
Poison Magic   | 1 2 3 4 5 |  5.7
Dodging        | 5 6 7 8 |  8.3
Stealth        | 5 6 7 8 |  8.1
Spellcasting   | 8 9 10 | 10.0

Action                   |  1- 3 |  4- 6 |  7- 9 | 10-12 || total
-------------------------+-------+-------+-------+-------++-------
Melee: Short sword       |    53 |       |       |       ||    53
       Bite              |     8 |    17 |    74 |   117 ||   216
       Whip              |    48 |    98 |   429 |   347 ||   922
       Dagger            |       |    64 |    23 |    19 ||   106
       Punch             |       |     1 |     4 |    21 ||    26
       Flail             |       |       |       |   163 ||   163
       Staff             |       |       |       |     7 ||     7
       Halberd           |       |       |       |    71 ||    71
Throw: Dart              |       |       |    10 |       ||    10
       Boomerang         |       |       |       |     1 ||     1
 Cast: Magic Dart        |    34 |     2 |    63 |     3 ||   102
       Mephitic Cloud    |       |     3 |     4 |     4 ||    11
       Blink             |       |       |     5 |     2 ||     7
       Summon Lightning  |       |       |       |     6 ||     6
       Call Canine Famil |       |       |       |     6 ||     6
Invok: Slouch            |       |       |       |     2 ||     2
       Step From Time    |       |       |       |     1 ||     1
Evoke: Wand              |       |       |     3 |     8 ||    11
  Use: Scroll            |       |    11 |     4 |     4 ||    19
       Potion            |       |       |     3 |     8 ||    11
 Stab: Sleeping          |     1 |     8 |       |     1 ||    10
       Confused          |       |     6 |     3 |     4 ||    13
       Distracted        |       |       |       |     4 ||     4
  Eat: Chunk             |     3 |     7 |    10 |     4 ||    24
       Ration            |       |       |     2 |     1 ||     3
Armor: Robe              |    20 |     9 |       |       ||    29
       Leather armour    |       |     5 |     7 |       ||    12
       Plate armour      |       |       |   222 |   319 ||   541
       Skin              |       |       |    26 |    97 ||   123
Dodge: Dodged            |   110 |   119 |   292 |   481 ||  1002
